 Dungeon Crawl Stone Soup version 0.30-a0-352-g1e81539c98 (webtiles) character file.

Game seed: 2339683949478924797

4652 Bnni the Covert (level 10, -4/53 HPs)
             Began as a Vine Stalker Brigand on Nov 7, 2022.
             Was a Follower of Uskayaw.
             Slain by a hornet (9 damage)
             ... on level 8 of the Dungeon.
             The game lasted 00:14:44 (6105 turns).

Bnni the Covert (Vine Stalker Brigand)              Turns: 6105, Time: 00:14:45

Health: -4/53      AC:  4    Str: 15    XL:     10   Next: 43%
Magic:  0/24       EV: 14    Int: 15    God:    Uskayaw [*.....]
Gold:   407        SH:  0    Dex: 25    Spells: 9/9 levels left

rFire   . . .      SeeInvis .    h - +6 quick blade of Hacking and Slashing {vorpal, rCorr Int+4}
rCold   . . .      Faith    +    (no shield)
rNeg    + . .      Spirit   +    w - +1 robe {rN+}
rPois   .          Reflect  .    (no helmet)
rElec   .          Harm     .    c - +0 cloak
rCorr   +          Rampage  .    (no gloves)
Will    +....                    (no boots)
Stlth   +++++.....               i - amulet of faith
HPRegen 1.08/turn                B - +6 ring of dexterity
MPRegen 0.19/turn                b - ring of magical power

@: lethally poisoned (-4 -> -10), slowed, very slow
A: fangs 3, regeneration 1, magic shield, antimagic bite, no potion heal 2
a: Renounce Religion, Stomp


You were on level 8 of the Dungeon.
You worshipped Uskayaw.
Uskayaw was noncommittal.
You visited 2 branches of the dungeon, and saw 9 of its levels.

You collected 407 gold pieces.

Inventory:

Hand Weapons
 h - the +6 quick blade of Hacking and Slashing (weapon) {vorpal, rCorr Int+4}
   (You acquired it on level 6 of the Dungeon)

   It inflicts extra damage upon your enemies.
   Int:       It affects your intelligence (+4).
   rCorr:     It protects you from acid and corrosion.
 x - a +4 sling
Missiles
 d - 14 poisoned darts (quivered)
 e - 3 curare-tipped darts
Armour
 c - a +0 cloak (worn)
 w - a +1 robe of positive energy (worn)
Jewellery
 b - a ring of magical power (right hand)
 i - an amulet of faith (around neck)
 B - a +6 ring of dexterity (left hand)
 E - a ring of poison resistance
Wands
 n - a wand of polymorph (9)
 z - a wand of paralysis (27)
 D - a wand of flame (4)
 G - a wand of acid (12)
Scrolls
 a - a scroll of magic mapping {unknown}
 f - 3 scrolls of vulnerability {unknown}
 g - 4 scrolls of teleportation
 k - a scroll of noise {unknown}
 m - a scroll of amnesia
 o - a scroll of enchant armour {unknown}
 q - 2 scrolls of brand weapon {unknown}
 r - a scroll of summoning {unknown}
 s - 2 scrolls of fog
 t - a scroll of torment {unknown}
 y - a scroll of blinking {unknown}
 C - a scroll of fear {unknown}
 F - a scroll of poison
Potions
 j - 2 potions of magic
 l - 4 potions of curing
 p - a potion of flight
 u - 2 potions of haste {unknown}
 v - a potion of invisibility
 A - a potion of attraction {unknown}


   Skills:
 + Level 6.8 Fighting
 - Level 8.0 Short Blades
 - Level 1.7 Throwing
 + Level 3.3 Dodging
 + Level 10.3 Stealth
 * Level 5.8 Invocations


You had 9 spell levels left.
You didn't know any spells.
Your spell library contained the following spells:

 Spells                   Type           Power      Damage    Failure   Level
 Sandblast                Erth           0%         2d4       26%         1
 Passwall                 Tmut/Erth      0%         N/A       38%         2
 Dazzling Flash           Conj/Hex       0%         N/A       63%         3
 Gell's Gravitas          Tloc           0%         N/A       63%         3
 Ignite Poison            Fire/Tmut/Pois 0%         N/A       63%         3
 Kindle Blastsparks       Fire/Tloc/Air  0%         2d10      63%         3
 Lesser Beckoning         Tloc           0%         N/A       63%         3
 Portal Projectile        Hex/Tloc       0%         N/A       63%         3
 Stone Arrow              Conj/Erth      0%         3d7       63%         3
 Teleport Other           Tloc           0%         N/A       63%         3
 Tukima's Dance           Hex            0%         N/A       63%         3
 Airstrike                Air            0%         2d(0-16)  95%         4
 Petrify                  Tmut/Erth      0%         N/A       95%         4
 Summon Ice Beast         Ice/Summ       0%         N/A       95%         4
 Summon Lightning Spire   Summ/Air       0%         N/A       95%         4
 Agony                    Necr           0%         N/A       100%        5
 Blade Hands              Tmut           0%         N/A       100%        5
 Freezing Cloud           Conj/Ice/Air   0%         6-21      100%        5
 Lightning Bolt           Conj/Air       0%         1d11      100%        5
 Metabolic Englaciation   Hex/Ice        0%         N/A       100%        5
 Silence                  Hex/Air        0%         N/A       100%        5
 Summon Mana Viper        Hex/Summ       0%         N/A       100%        5
 Statue Form              Tmut/Erth      0%         N/A       100%        6
 Monstrous Menagerie      Summ           0%         N/A       100%        7
 Chain Lightning          Conj/Air       0%         N/A       100%        9
 Fire Storm               Conj/Fire      0%         5d1       100%        9
 Shatter                  Erth           0%         3d5*      100%        9


Dungeon Overview and Level Annotations

Branches:
Dungeon (8/15)             Temple (1/1) D:4            Lair (0/5) D:8

Altars:
Ashenzari
Dithmenos
Fedhas
Hepliaklqana
Makhleb
Qazlal
Trog
Uskayaw
Vehumet
Yredelemnul
The Shining One


Innate Abilities, Weirdness & Mutations

You have razor-sharp teeth.
Your natural rate of healing is unusually fast.
When hurt, damage is shared between your health and your magic reserves.
Your bite disrupts and absorbs the magic of your enemies.
Potions cannot restore your health.


Message History

You hit something. You bite something. Something hits you but does no damage.
Uskayaw will force your foes to helplessly watch your dance.
Uskayaw prepares the audience for your solo!
You hit something.
Reactivating autopickup.
You feel a bit more experienced.
Things that are here:
a +0 dagger; a +0 robe; an orc corpse You pick up a book of Storms and begin reading...
You add the spells Airstrike, Summon Lightning Spire and Lightning Bolt to your library.
You open the door.
An orc, a hornet, a kobold brigand and an orc wizard come into view.
The kobold brigand is wielding a +0 short sword and quivering curare-tipped darts.
Found five items.
An orc warrior comes into view. It is wielding a +0 scimitar.
The kobold brigand shouts!
The orc warrior shouts!
The orc shouts!
The hornet buzzes angrily.
The orc wizard shouts!
There is an open door here.
The orc warrior hits you with a +0 scimitar!
The hornet stings you!
You are poisoned.
You suddenly lose the ability to move!
You feel very sick. The hornet stings you!
You feel yourself slow down. The orc hits you with a +0 dagger.
The orc warrior hits you with a +0 scimitar.
The kobold brigand hits you with a +0 short sword.
You can move again.
The orc wizard attacks as you move away!
The orc wizard hits you with a +0 dagger.
The kobold brigand attacks as you move away!
The kobold brigand closely misses you. The hornet attacks as you move away!
The hornet stings you!
* * * LOW HITPOINT WARNING * * *
You are lethally poisoned!
You feel as though you will be slow longer.
* * * LOW HITPOINT WARNING * * *
You feel extremely sick. The orc closely misses you. The hornet stings you!
You die...

###..# ....## .....#
#..#.# .# #..#.# .# ##
#..#.# .#####. ##..#.#
.#.....# #...#.#
.#.###.# ###@#.#.#
.......## ###+oyo##..#
.))..#..###.#.oK..#..#
..).........#.../.#..#
#)...#......#.....#).#
##....#.#...##!).##))#
......#.####.#####.###
............#....).###
...#.#####.###.........#


You could see a hornet, an orc warrior, a kobold brigand, an orc wizard and an
orc.

Vanquished Creatures
  Pikel (D:5)
  2 komodo dragons (D:8)
  A wyvern (D:7)
  Eustachio (D:4)
  A steam dragon (D:8)
  2 water moccasins (D:8)
  3 sky beasts
  A black bear (D:7)
  3 orc warriors (D:8)
  4 ogres
  A centaur (D:8)
  A lemure (D:5)
  2 phantoms (D:5)
  Blork the orc (D:4)
  A kobold brigand (D:7)
  6 bullfrogs
  4 necrophages
  A scorpion (D:7)
  2 electric eels (D:6)
  A howler monkey (D:5)
  4 hounds
  Crazy Yiuf (D:2)
  5 orc priests
  2 gnoll boudas
  Jessica (D:3)
  4 iguanas
  5 orc wizards
  13 gnolls
  2 adders
  A shadow imp (D:8)
  6 white imps
  2 ufetubi
  2 worms (D:2)
  2 dart slugs
  48 orcs
  3 endoplasms
  5 giant cockroaches
  10 goblins
  9 hobgoblins
  3 jackals (D:4)
  10 kobolds
  4 quokkas
  12 ball pythons
  9 bats
  4 frilled lizards
  2 rats
208 creatures vanquished.

Vanquished Creatures (others)
  2 orcs (D:8)
  45 fungi
  34 plants
81 creatures vanquished.

Grand Total: 289 creatures vanquished

Notes
Turn   | Place    | Note
-------+----------+-------------------------------------------
     0 | D:1      | Bnni the Vine Stalker Brigand began the quest for the Orb.
     0 | D:1      | Reached XP level 1. HP: 11/11 MP: 2/2
    23 | D:1      | Found a faded altar of an unknown god.
    98 | D:1      | Prayed at the altar of an unknown god.
    98 | D:1      | Became a worshipper of Uskayaw the Reveller
    98 | D:1      | Reached * piety under Uskayaw
   164 | D:1      | Reached ** piety under Uskayaw
   181 | D:1      | Reached *** piety under Uskayaw
   182 | D:1      | Reached XP level 2. HP: 9/15 MP: 1/3
   183 | D:1      | Reached **** piety under Uskayaw
   715 | D:2      | Reached XP level 3. HP: 18/18 MP: 4/4
   717 | D:2      | Reached skill level 5 in Stealth
   870 | D:2      | Found a runed translucent door.
   871 | D:2      | Noticed Crazy Yiuf
   880 | D:2      | Killed Crazy Yiuf
   881 | D:2      | Gained mutation: Your natural rate of healing is unusually
                  | fast. [Vine Stalker growth]
   881 | D:2      | Reached XP level 4. HP: 21/23 MP: 3/5
  1100 | D:2      | Reached XP level 5. HP: 19/27 MP: 3/6
  1803 | D:3      | Noticed Jessica
  1806 | D:3      | Killed Jessica
  2239 | D:4      | Reached XP level 6. HP: 32/32 MP: 7/7
  2276 | D:4      | Noticed Blork the orc
  2289 | D:4      | Killed Blork the orc
  2290 | D:4      | Reached skill level 6 in Stealth
  2430 | D:4      | Noticed Eustachio
  2460 | D:4      | Killed Eustachio
  2461 | D:4      | Reached skill level 5 in Short Blades
  2461 | D:4      | Reached XP level 7. HP: 8/37 MP: 7/8
  2721 | D:4      | Reached skill level 7 in Stealth
  2745 | D:4      | Found a staircase to the Ecumenical Temple.
  2905 | Temple   | Entered the Ecumenical Temple
  3059 | D:5      | Entered Level 5 of the Dungeon
  3127 | D:5      | Gained mutation: You have razor-sharp teeth. [Vine Stalker
                  | growth]
  3127 | D:5      | Reached XP level 8. HP: 31/42 MP: 9/9
  3400 | D:5      | Noticed Pikel
  3420 | D:5      | Killed Pikel
  3421 | D:5      | Reached skill level 5 in Fighting
  3421 | D:5      | Reached skill level 8 in Stealth
  3620 | D:6      | Reached XP level 9. HP: 24/47 MP: 8/10
  3852 | D:6      | Identified a scroll of acquirement
  3856 | D:6      | Acquired the +6 quick blade of Hacking and Slashing
                  | {vorpal, rCorr Int+4}
  4269 | D:6      | Reached skill level 1 in Dodging
  4269 | D:6      | Reached skill level 1 in Invocations
  4724 | D:7      | Reached skill level 9 in Stealth
  5658 | D:8      | Noticed a komodo dragon
  5671 | D:8      | Reached ***** piety under Uskayaw
  5682 | D:8      | Killed a komodo dragon
  5683 | D:8      | Reached XP level 10. HP: 40/53 MP: 14/14
  5684 | D:8      | Reached ****** piety under Uskayaw
  5687 | D:8      | Reached skill level 10 in Stealth
  5694 | D:8      | Found a staircase to the Lair.
  5708 | D:8      | Reached skill level 5 in Invocations
  6103 | D:8      | Paralysed by a hornet for 2 turns
  6105 | D:8      | Slain by a hornet

Illustrated notes

Levels and vault maps discovered:
D:1:      elethiomel_arrival_shortcut, layout_basic,
          hellmonk_ecumenical_altar_blasted, serial_park_tiny_2, minmay_tall_x
D:2:      layout_rooms, uniq_crazy_yiuf_cottage
D:3:      layout_basic, uniq_jessica
D:4:      layout_cave_pools, minmay_temple_entry_junction_2, uniq_blork_the_orc,
          uniq_eustachio
D:5:      layout_gridville, uniq_pikel
D:6:      layout_layer_cave, serial_bayou_ford_a, minmay_fountain_box
D:7:      layout_loops_ring, serial_co_window_serial,
          co_window_of_opportunity_a, co_window_of_opportunity_a,
          co_window_paths_a, co_window_paths_a, co_window_paths_a,
          co_window_2corner, co_window_2corner, co_window_2corner,
          co_window_broadway_c, co_window_broadway_c, co_window_2corner,
          glass_columns_a, glass_columns_c
D:8:      layout_loops_ring, due_lair_maze_entry_diamond, special_room
          [special_room_orc], grunt_decor_fettered, minmay_joined_circles
Temple:   jpeg_temple_clearing

Skill      XL: |  1  2  3  4  5  6  7  8  9 10 |
---------------+-------------------------------+-----
Short Blades   | 2 3 4 5 6 7 8 |  8.0
Fighting       | 2 3 4 5 6 |  6.8
Stealth        | 5 6 7 8 9 10 | 10.3
Dodging        | 2 3 |  3.3
Invocations    | 4 5 |  5.8
Throwing       | |  1.7

Action                   |  1- 3 |  4- 6 |  7- 9 | 10-12 || total
-------------------------+-------+-------+-------+-------++-------
Melee: Dagger            |    69 |   138 |       |       ||   207
       Bite              |    13 |    48 |    81 |    30 ||   172
       Punch             |       |     1 |     3 |     2 ||     6
       Rapier            |       |       |   111 |       ||   111
       Quick blade       |       |       |   120 |   103 ||   223
 Fire: Sling             |       |     1 |       |       ||     1
Throw: Dart              |       |       |    16 |       ||    16
Invok: Stomp             |       |     1 |       |       ||     1
       Line Pass         |       |     1 |     2 |     1 ||     4
       Grand Finale      |       |       |       |     1 ||     1
  Use: Scroll            |       |     1 |     9 |       ||    10
       Potion            |       |       |     1 |       ||     1
 Stab: Sleeping          |    10 |     7 |    12 |     2 ||    31
       Paralysed         |     1 |       |    12 |     3 ||    16
       Confused          |       |     1 |       |       ||     1
       Distracted        |       |       |     2 |     1 ||     3
Armor: Robe              |    23 |    17 |    28 |    11 ||    79
       Leather armour    |       |     2 |       |       ||     2
Dodge: Dodged            |    44 |    75 |    92 |    38 ||   249

Table legend: (Time is in decaauts)
 A = Elapsed time spent in this place.
 B = Non-inter-level travel time spent in this place.
 C = Inter-level travel time spent in this place.
 D = Time resting spent in this place.
 E = Time spent auto-exploring this place.
 F = Levels seen in this place.
 G = Mean time per level.
                   A        B        C        D        E       F      G
               +--------+--------+--------+--------+--------+-----+--------+
         Total |   5922 |   5567 |    355 |    151 |   4151 |   9 |  658.0 |
       Dungeon |   5783 |   5445 |    338 |    151 |   4042 |   8 |  722.9 |
        Temple |    138 |    121 |     17 |      0 |    109 |   1 |  138.0 |
               +--------+--------+--------+--------+--------+-----+--------+

Top non-repeatable levels by time:
     D:6: 1013 daAuts
     D:7: 917 daAuts
     D:1: 788 daAuts
     D:3: 740 daAuts
     D:2: 719 daAuts
     D:4: 672 daAuts
     D:5: 501 daAuts
     D:8: 429 daAuts
  Temple: 138 daAuts
